 Dungeon Crawl Stone Soup version 0.31-a0-971-g75a2e9a4b4 (webtiles) character file.

Game seed: 4606175231456652958

35 jasper the Stinger (level 3, -4/24 HPs)
             Began as a Demonspawn Venom Mage on Oct 28, 2023.
             Slain by Crazy Yiuf
             ... wielding a +4 quarterstaff of chaos
              (11 damage)
             ... on level 2 of the Dungeon.
             The game lasted 00:02:55 (1280 turns).

jasper the Stinger (Demonspawn Venom Mage)          Turns: 1280, Time: 00:02:56

Health: -4/24      AC:  4    Str:  8    XL:     3   Next: 17%
Magic:  1/6        EV: 12    Int: 18    God:
Gold:   39         SH:  0    Dex: 13    Spells: 0/6 levels left

rFire   + . .        c - +0 dagger
rCold   + . .        (no shield)
rNeg    . . .        a - +0 robe
rPois   +            (no helmet)
rElec   +            (no cloak)
rCorr   +            (no gloves)
SInv    .            d - +1 pair of boots
Will    .....        (no amulet)
Stlth   ++           (no ring)
HPRegen 0.24/turn    (no ring)
MPRegen 0.10/turn

%: no passive effects
@: resistant
A: foul stench 2
a: no special abilities


You were on level 2 of the Dungeon.
You visited 1 branch of the dungeon, and saw 2 of its levels.

You collected 39 gold pieces.

Inventory:

Hand Weapons
 c - a +0 dagger (weapon)
Armour
 a - a +0 robe (worn)
 d - a +1 pair of boots (worn)
Scrolls
 b - a scroll of fear
 f - a scroll of identify
Potions
 g - a potion of brilliance


   Skills:
 - Level 1.7 Dodging
 - Level 1.7 Stealth
 - Level 2.0 Spellcasting
 + Level 0.2 Conjurations
 - Level 0.8 Transmutations
 + Level 0.1 Air Magic
 + Level 4.2 Poison Magic


You couldn't memorise any spells.
You knew the following spells:

 Your Spells              Type           Power      Damage    Failure   Level
a - Sting                 Tmut/Pois      44%        1d5       6%          1
b - Poisonous Vapours     Pois/Air       18%        N/A       11%         2
c - Mephitic Cloud        Conj/Pois/Air  7%         N/A       28%         3

Your spell library contained the following spells:

 Spells                   Type           Power      Damage    Failure   Level
 Olgreb's Toxic Radiance  Pois           17%        N/A       30%         4


Dungeon Overview and Level Annotations

Branches:
Dungeon (2/15)

Altars:

Annotations:
D:2 Crazy Yiuf


Innate Abilities, Weirdness & Mutations

You sometimes emit foul miasma when damaged in melee.


Message History

Found two hammers.
You see here a +0 hammer.
You open the door.
Casting: Sting (safe; 6% risk of failure)
Confirm with . or Enter, or press ? or * to list all spells.
Aiming: Sting (safe; 6% risk of failure)
Press: ? - help, Shift-Dir - straight line, f - Crazy Yiuf
Aim: Crazy Yiuf, wielding a +4 quarterstaff of chaos and wearing a +0 cloak (75% to hit)
The sting hits Crazy Yiuf but does no damage.
Crazy Yiuf is poisoned.
Crazy Yiuf hits you with a +4 quarterstaff of chaos!
You feel your power leaking away.
You take 8 damage, and have 16/24 hp.
MASSIVE DAMAGE!!
You now have 0/6 mp.
Crazy Yiuf attacks as he pursues you! Crazy Yiuf hits you but does no damage.
You feel protected.
You aren't carrying any items that you can evoke.
Okay, then.
Crazy Yiuf attacks as he pursues you!
Crazy Yiuf hits you with a +4 quarterstaff of chaos!
You feel protected.
You emit a cloud of foul miasma!
You see here a +0 hammer.
You take 8 damage, and have 9/24 hp.
MASSIVE DAMAGE!!
You closely miss Crazy Yiuf.
Crazy Yiuf is engulfed in dark miasma.
Crazy Yiuf looks even sicker.
Crazy Yiuf seems to slow down.
Crazy Yiuf grits, "Paint!"
Crazy Yiuf hits you with a +4 quarterstaff of chaos.
* * * LOW HITPOINT WARNING * * *
You take 4 damage, and have 5/24 hp.
You hit Crazy Yiuf. Your punch misses Crazy Yiuf.
Crazy Yiuf is moderately wounded.
Crazy Yiuf is no longer moving slowly.
Crazy Yiuf is engulfed in dark miasma.
Crazy Yiuf looks even sicker.
You see here a +0 hammer.
Crazy Yiuf whimpers, "Hah!
Candle arga meccalolo."
Crazy Yiuf laughs, "Iron hand tea!"
Crazy Yiuf attacks as he pursues you! Crazy Yiuf closely misses you.
Crazy Yiuf attacks as he pursues you!
Crazy Yiuf hits you with a +4 quarterstaff of chaos!
You die...

######.##
#.......#
#>####..#
#.####..#
#########.##<...#
#.........##.##.#
#.......#.......#
###....####..####
#...@# ##....
#...g# #.###
#...## #.# ##.##
#.# #)## ##)#
#.## ##)# #'#


You could see Crazy Yiuf (very poisoned).

Vanquished Creatures
  3 bats (D:1)
  3 endoplasms (D:1)
  6 goblins (D:1)
  3 hobgoblins (D:1)
  4 jackals (D:1)
  3 kobolds (D:1)
  A quokka (D:1)
  2 frilled lizards (D:1)
  4 rats (D:1)
29 creatures vanquished.

Notes
Turn   | Place    | Note
-------+----------+-------------------------------------------
     0 | D:1      | jasper the Demonspawn Venom Mage began the quest for the
                  | Orb.
     0 | D:1      | Reached XP level 1. HP: 13/13 MP: 3/3
   227 | D:1      | Gained mutation: You may rarely emit foul miasma when
                  | damaged in melee. [demonic ancestry]
   227 | D:1      | Reached XP level 2. HP: 5/19 MP: 1/5
   448 | D:1      | Learned a level 2 spell: Poisonous Vapours
   593 | D:1      | Reached skill level 4 in Poison Magic
   768 | D:1      | Found a faded altar of an unknown god.
   777 | D:1      | Gained mutation: You sometimes emit foul miasma when
                  | damaged in melee. [demonic ancestry]
   777 | D:1      | Reached XP level 3. HP: 24/24 MP: 4/6
   781 | D:1      | Learned a level 3 spell: Mephitic Cloud
  1266 | D:2      | Found a runed translucent door.
  1267 | D:2      | Noticed Crazy Yiuf
  1280 | D:2      | Slain by Crazy Yiuf

Illustrated notes

Levels and vault maps discovered:
D:1:      roderic_crop_circles_arrival_small, layout_loops_ring,
          ebering_ecumenical_altar_webs
D:2:      layout_loops_cross, minmay_cut_off, uniq_crazy_yiuf_cottage,
          uniq_robin

Skill      XL: |  1  2 |
---------------+-------+-----
Poison Magic   | 4 |  4.2
Dodging        | |  1.7
Stealth        | |  1.7
Spellcasting   | |  2.0
Conjurations   | |  0.2
Transmutations | |  0.8
Air Magic      | |  0.1

Action                     || total
---------------------------++-------
  Melee: Dagger            ||    22
   Cast: Sting             ||    49
         Poisonous Vapours ||     1
    Use: Potion            ||     1
         Scroll            ||     3
 Armour: Robe              ||    26
  Dodge: Dodged            ||    19

Table legend: (Time is in decaauts)
 A = Elapsed time spent in this place.
 B = Non-inter-level travel time spent in this place.
 C = Inter-level travel time spent in this place.
 D = Time resting spent in this place.
 E = Time spent auto-exploring this place.
 F = Levels seen in this place.
 G = Mean time per level.
                   A        B        C        D        E       F      G
               +--------+--------+--------+--------+--------+-----+--------+
         Total |   1279 |   1256 |     23 |     42 |    952 |   2 |  639.5 |
       Dungeon |   1279 |   1256 |     23 |     42 |    952 |   2 |  639.5 |
               +--------+--------+--------+--------+--------+-----+--------+

Top non-repeatable levels by time:
     D:1: 1240 daAuts
     D:2: 38 daAuts
